[Event "Titled Tuesday Blitz March 07 Late 2023"]
[White "mohsengabr2002"]
[Black "Prydun, Andriy"]
[BlackFideId "14145898"]
[WhiteElo "2312"]
[BlackElo "2164"]
[Result "0-1"]
[Round "05"]
[TimeControl "180+2"]
[Date "2023.03.07"]
[WhiteClock "0:00:41"]
[BlackClock "0:00:07"]

1. g3 f6 2. f3 Nh6 3. e3 Nf7 4. d3 e6 5. Nh3 Nc6 6. Nf2 Ne7 7. Bg2 g6 8. O-O Bg7 9. d4 d6 10. e4 Bd7 11. f4 Bc6 12. c4 O-O 13. d5 Bd7 14. Nc3 e5 15. Be3 b6 16. Qd2 f5 17. b4 a5 18. a3 axb4 19. axb4 Rxa1 20. Rxa1 fxe4 21. Nfxe4 Nf5 22. c5 Nxe3 23. Qxe3 exf4 24. gxf4 Bf5 25. cxb6 cxb6 26. Ra6 Re8 27. Qxb6 Qxb6+ 28. Rxb6 Bd4+ 29. Kf1 Bxb6 30. Nf6+ Kf8 31. Nxe8 Kxe8 32. Ke2 Kd7 33. Be4 Nh6 34. Bf3 Ng8 35. Be4 Nf6 36. Bxf5+ gxf5 37. Kd3 Ng4 38. h4 h5 39. Ne2 Bf2 40. b5 Kc7 41. Kc4 Bxh4 42. Nd4 Nh6 43. Ne6+ Kb6 44. Ng7 Bg3 45. Nxh5 Bh2 46. Kb4 Ng4 47. Ng7 Ne3 48. Nh5 Nxd5+ 49. Kc4 Nxf4 50. Ng7 d5+ 51. Kb3 Kxb5 52. Nxf5 Bg1 53. Kc3 Ne6 54. Kd3 Bf2 55. Ne7 Kc5 56. Nxd5 Kxd5 57. Ke2 Bd4 58. Kd3 Nf4+ 59. Kd2 Ke4 60. Kc2 Kd5 61. Kd2 Kc4 62. Kc2 Be3 63. Kb2 Kb4 64. Kc2 Kc4 65. Kb2 Bc5 66. Kc2 Bb4 67. Kb2 Nd5 68. Kc2 Ne3+ 69. Kb2 Nf1 70. Kc2 Ne3+ 71. Kb2 Bc5 72. Ka2 Kc3 73. Kb1 Kb3 74. Kc1 Bb4 75. Kb1 Bd2 76. Ka1 Nc4 77. Kb1 Nb6 78. Ka1 Bc1 79. Kb1 Ba3 80. Ka1 Na4 81. Kb1 Nb6 82. Ka1 Nd5 83. Kb1 Nf4 84. Ka1 Ng2 85. Kb1 Ne3 86. Ka1 Nc4 87. Kb1 Nd2+ 88. Ka1 Bb2# 0-1


[Site "https://www.chess.com"]

[Event "Titled Tuesday Blitz March 07 Late 2023"]
[White "Fajdetic, Hrvoje"]
[Black "Przybylski, Wojciech"]
[WhiteFideId "14501945"]
[BlackFideId "1117599"]
[WhiteElo "2185"]
[BlackElo "2222"]
[Result "0-1"]
[Round "05"]
[TimeControl "180+2"]
[Date "2023.03.07"]
[WhiteClock "0:00:01"]
[BlackClock "0:00:08"]

1. d4 Nf6 2. Bf4 e6 3. e3 Be7 4. Nf3 O-O 5. Bd3 b6 6. Qe2 Bb7 7. Nbd2 c5 8. c3 Nc6 9. e4 cxd4 10. cxd4 Nb4 11. O-O Nxd3 12. Qxd3 d5 13. e5 Ne4 14. Rfc1 Rc8 15. Nf1 h6 16. Ne1 Qd7 17. f3 Ng5 18. Rxc8 Rxc8 19. Rc1 Rxc1 20. Bxc1 Qc8 21. Qc3 Qxc3 22. bxc3 f6 23. exf6 gxf6 24. Nd3 a5 25. Ng3 Ba6 26. Nf4 Kf7 27. h4 Nh7 28. Kf2 Bc4 29. a3 Nf8 30. Ke1 Bd6 31. Nge2 Nd7 32. Kd2 b5 33. Nd3 e5 34. Kc2 Kg6 35. g4 Be7 36. h5+ Kg7 37. Ng3 Bf8 38. Nf5+ Kh7 39. Nb2 Be2 40. Nh4 e4 41. fxe4 dxe4 42. a4 bxa4 43. Nxa4 Bxg4 44. c4 Bxh5 45. c5 Nb8 46. d5 Bf7 47. c6 Bd6 48. Nf5 Be5 49. Bxh6 Bxd5 50. Bf8 Nxc6 51. Bd6 Nd4+ 0-1


[Site "https://www.chess.com"]

[Event "Titled Tuesday Blitz March 07 Late 2023"]
[White "Skaric, Djuro"]
[Black "Yeritsyan, Hayk"]
[WhiteFideId "934569"]
[BlackFideId "13307320"]
[WhiteElo "2282"]
[BlackElo "2445"]
[Result "0-1"]
[Round "05"]
[TimeControl "180+2"]
[Date "2023.03.07"]
[WhiteClock "0:01:03"]
[BlackClock "0:00:16"]

1. g3 d5 2. Bg2 c6 3. d3 Nf6 4. Nf3 Bf5 5. O-O h6 6. Nc3 e6 7. h3 Be7 8. Ne5 O-O 9. e4 Bh7 10. f4 Nbd7 11. Nxd7 Nxd7 12. g4 Nf6 13. f5 exf5 14. exf5 Bd6 15. Ne2 Re8 16. Kh1 Qe7 17. Rf2 Qc7 18. Bf4 Re7 19. Bxd6 Qxd6 20. Qd2 Rae8 21. Rg1 Re3 22. c3 Nd7 23. Nf4 Nc5 24. b4 Nd7 25. d4 Nb6 26. Bf1 g5 27. Nh5 Nc4 28. Bxc4 Rxh3+ 29. Kg2 Rh2+ 30. Kf1 Rxf2+ 31. Qxf2 dxc4 32. Kg2 Kh8 33. Re1 Qd5+ 34. Kg3 Re4 35. Nf6 Qd6+ 36. Kg2 Rxe1 37. Qxe1 Qxf6 38. Qe8+ Kg7 39. a4 h5 40. Qe5 Qxe5 41. dxe5 hxg4 42. f6+ Kf8 43. Kg3 Bf5 0-1


[Site "https://www.chess.com"]

[Event "Titled Tuesday Blitz March 07 Late 2023"]
[White "Gamage, Wanshini Vidusama"]
[Black "Gonzalez, Francisco Silva"]
[WhiteFideId "9953752"]
[BlackFideId "1512285"]
[WhiteElo "2192"]
[BlackElo "2074"]
[Result "0-1"]
[Round "05"]
[TimeControl "180+2"]
[Date "2023.03.07"]
[WhiteClock "0:00:21"]
[BlackClock "0:01:52"]

1. e4 e5 2. Nf3 Nc6 3. Bb5 a6 4. Ba4 Nf6 5. O-O b5 6. Bb3 Bc5 7. a4 Bb7 8. d3 d6 9. Re1 O-O 10. Bg5 h6 11. Bh4 Nd4 12. Nxd4 Bxd4 13. c3 Bb6 14. Nd2 g5 15. Bg3 Bc8 16. axb5 Bg4 17. Nf3 axb5 18. h3 Bh5 19. Qc2 Bg6 20. h4 Nh5 21. Kh2 Rxa1 22. Rxa1 g4 23. Nd2 Qf6 24. Nf1 Kh7 25. Ne3 Nxg3 26. Nxg4 Qxh4+ 27. Kg1 Qh1# 0-1


[Site "https://www.chess.com"]

[Event "Titled Tuesday Blitz March 07 Late 2023"]
[White "Floresvillar Gonzalez, Luis Migu"]
[Black "Lacey, Patrick"]
[WhiteFideId "5100542"]
[BlackFideId "2032007"]
[WhiteElo "2040"]
[BlackElo "2424"]
[Result "0-1"]
[Round "05"]
[TimeControl "180+2"]
[Date "2023.03.07"]
[WhiteClock "0:00:01"]
[BlackClock "0:00:14"]

1. d4 d5 2. c3 Nf6 3. Nf3 e6 4. Bf4 Bd6 5. e3 O-O 6. Bg3 Ne4 7. Bxd6 cxd6 8. Nbd2 f5 9. Be2 Nd7 10. O-O Ndf6 11. Nxe4 dxe4 12. Nd2 d5 13. f4 Bd7 14. h3 Qb6 15. Qb3 Rfc8 16. Qxb6 axb6 17. a3 Ne8 18. Kf2 Nd6 19. Rg1 Ba4 20. g4 Bb5 21. Bxb5 Nxb5 22. gxf5 exf5 23. Rg5 Nd6 24. Rag1 Rc7 25. h4 Kf7 26. h5 Re8 27. h6 g6 28. Nf1 Kf6 29. Ng3 Nf7 30. Ne2 Nxh6 31. R5g3 Ng4+ 32. Ke1 h5 33. Rh1 Ra8 34. Kd2 b5 35. Nc1 b6 36. Na2 Kf7 37. Nb4 Rd8 38. Rh4 Rd6 39. Ke2 Kg7 40. Kd2 Kh7 41. Ke2 Nh6 42. Kd2 Nf7 43. Kc2 Nd8 44. Kb3 Nb7 45. Kc2 Na5 46. Rh1 Nc4 47. Rhg1 Rg7 48. Rh1 Kg8 49. Rhg1 Kf7 50. Rh1 Na5 51. Rhg1 Nc6 52. Nxc6 Rxc6 53. Kb3 Rc4 54. Rh1 Rh7 55. Rh4 Rh6 56. Rg5 Kf6 57. Rg3 Rc7 58. Rgh3 Rc6 59. Rg3 Rh8 60. Rg2 Rg8 61. Rg5 Rc7 62. Kb4 Rc4+ 63. Kb3 Rg7 64. Rg2 Rc8 65. Rg5 Ra8 66. Kb4 Rc7 67. Kb3 Ra4 68. Rh2 Rh7 69. Rh4 Rh6 70. Rg2 Ra7 71. Rg5 Ke6 72. Kb4 Kd6 73. Kxb5 Ra5+ 74. Kxb6 Ra8 75. Kb5 Rb8+ 76. Ka4 Rxb2 77. Rh1 Ke6 78. Rh2 Rxh2 79. Kb5 Rb2+ 80. Kc5 Ra2 81. a4 Rxa4 82. Rg1 Rc4+ 83. Kb5 h4 84. Ra1 h3 85. Ra6+ Kd7 86. Ra7+ Rc7 87. Ra1 h2 88. Rh1 Rxc3 89. Kb6 Kd6 90. Kb7 Rxe3 0-1


[Site "https://www.chess.com"]

[Event "Titled Tuesday Blitz March 07 Late 2023"]
[White "Meduri, Aakaash"]
[Black "Gatterer, Florian"]
[WhiteFideId "2032252"]
[BlackFideId "811688"]
[WhiteElo "2113"]
[BlackElo "2221"]
[Result "1-0"]
[Round "05"]
[TimeControl "180+2"]
[Date "2023.03.07"]
[WhiteClock "0:01:48"]
[BlackClock "0:00:23"]

1. d4 d5 2. Bf4 c5 3. e3 cxd4 4. exd4 Nc6 5. Nf3 Bg4 6. Be2 e6 7. O-O Bd6 8. Bxd6 Qxd6 9. c3 Bxf3 10. Bxf3 Nf6 11. Nd2 O-O 12. Re1 Rab8 13. b4 Qc7 14. a4 a5 15. b5 Na7 16. Qb3 Nc8 17. Rac1 Nd6 18. c4 Nxc4 19. Nxc4 dxc4 20. Rxc4 Qd7 21. Rec1 Rfc8 22. g3 g6 23. Qc3 Rxc4 24. Qxc4 Rd8 25. Qc7 Kg7 26. Qxa5 Qxd4 27. Bxb7 Ng4 28. Qc3 Qxc3 29. Rxc3 Rd2 30. a5 Nxf2 31. a6 Nh3+ 32. Kf1 Rf2+ 33. Ke1 Ra2 34. b6 f5 35. a7 e5 36. a8=Q Rxa8 37. Bxa8 Ng5 38. b7 e4 39. b8=Q Nf3+ 40. Rxf3 exf3 41. Bxf3 1-0


[Site "https://www.chess.com"]

[Event "Titled Tuesday Blitz March 07 Late 2023"]
[White "Souza, Gustavo Horokoski De"]
[Black "Stead, Kerry"]
[WhiteFideId "2146584"]
[BlackFideId "3202577"]
[WhiteElo "1859"]
[BlackElo "1997"]
[Result "1/2-1/2"]
[Round "05"]
[TimeControl "180+2"]
[Date "2023.03.07"]
[WhiteClock "0:00:05"]
[BlackClock "0:00:52"]

1. d4 c5 2. d5 f5 3. c4 g6 4. Nc3 Bg7 5. Qc2 d6 6. Nf3 Nd7 7. h4 Ngf6 8. h5 Ne5 9. h6 Bf8 10. Nxe5 dxe5 11. e4 f4 12. Be2 e6 13. b3 Bd7 14. Bb2 Bd6 15. O-O-O Qe7 16. dxe6 Qxe6 17. Rd2 O-O-O 18. Rhd1 Bc6 19. f3 Bc7 20. Nd5 Ba5 21. Rd3 Nh5 22. Bc3 Bxc3 23. Qxc3 Ng3 24. Bf1 g5 25. Qa5 Bxd5 26. Rxd5 Rxd5 27. Rxd5 Nxf1 28. Rxc5+ Kb8 29. Qc7+ Ka8 30. Rxe5 Qc8 31. Qa5 Rd8 32. Rxg5 Ne3 33. Rg7 Rd1+ 34. Kb2 a6 35. Qb6 Rd2+ 36. Kc1 Rd1+ 37. Kb2 Rd2+ 38. Kc1 Rd1+ 39. Kb2 1/2-1/2


[Site "https://www.chess.com"]

[Event "Titled Tuesday Blitz March 07 Late 2023"]
[White "Sai Han Thiha"]
[Black "Vifleemskaia, Svetlana"]
[WhiteFideId "13012290"]
[BlackFideId "4129490"]
[WhiteElo "1954"]
[BlackElo "1930"]
[Result "1-0"]
[Round "05"]
[TimeControl "180+2"]
[Date "2023.03.07"]
[WhiteClock "0:00:03"]
[BlackClock "0:00:01"]

1. d4 Nf6 2. c4 e6 3. Nf3 Bb4+ 4. Bd2 Qe7 5. g3 Nc6 6. a3 Bxd2+ 7. Qxd2 d6 8. Nc3 e5 9. d5 Nb8 10. b4 a5 11. Rb1 axb4 12. axb4 O-O 13. e4 Na6 14. Bg2 c5 15. dxc6 bxc6 16. O-O Be6 17. Qe2 Rab8 18. b5 cxb5 19. cxb5 Nc5 20. Rfd1 Rb6 21. Nh4 g6 22. f4 Bg4 23. Bf3 Bxf3 24. Nxf3 exf4 25. gxf4 Ncxe4 26. Re1 d5 27. Nd4 Qa7 28. Ra1 Nxc3 29. Rxa7 Nxe2+ 30. Rxe2 Ne4 31. Ra6 Rfb8 32. Rea2 Nc3 33. R2a3 Ne4 34. Rxb6 Rxb6 35. Ra6 Rb7 36. Kg2 Kf8 37. Kf3 Ke7 38. Rc6 Kd7 39. Rc2 Nd6 40. Rc5 Ra7 41. Rxd5 Ra3+ 42. Ke2 Ra2+ 43. Kd3 Rxh2 44. Rc5 Rb2 45. Kc3 Rb1 46. Kc2 Nxb5 47. Nxb5 Rf1 48. Nc3 Rxf4 49. Ra5 Ke6 50. Kd3 Rf3+ 51. Kd4 h5 52. Ra6+ Ke7 53. Ne4 1-0


[Site "https://www.chess.com"]

[Event "Titled Tuesday Blitz March 07 Late 2023"]
[White "Averjanov, Alexey"]
[Black "Quinones Garcia, Santiago"]
[WhiteFideId "14109867"]
[BlackFideId "4408497"]
[WhiteElo "2581"]
[BlackElo "2263"]
[Result "1-0"]
[Round "05"]
[TimeControl "180+2"]
[Date "2023.03.07"]
[WhiteClock "0:00:14"]
[BlackClock "0:00:01"]

1. d4 Nf6 2. c4 g6 3. Nc3 d5 4. cxd5 Nxd5 5. e4 Nxc3 6. bxc3 Bg7 7. Nf3 c5 8. Be3 O-O 9. Qd2 Nc6 10. Rc1 Qc7 11. d5 Ne5 12. Nxe5 Bxe5 13. f4 Bg7 14. c4 Rd8 15. Be2 e6 16. O-O f5 17. Bf3 fxe4 18. Bxe4 exd5 19. cxd5 c4 20. Bd4 Bf5 21. Bxg7 Kxg7 22. Bxf5 gxf5 23. Qd4+ Kg8 24. Rxc4 Qb6 25. Rc5 Rac8 26. Rfc1 Rxc5 27. Rxc5 Qb1+ 28. Kf2 Qxa2+ 29. Kg3 Qb3+ 30. Kh4 Qb6 31. Qc4 Qg6 32. h3 Rd6 33. Rc8+ Kg7 34. Qc7+ Kh6 35. g4 fxg4 36. hxg4 Rxd5 37. Qe7 Qd6 38. g5+ Kg6 39. Rg8+ Kf5 40. Rf8+ Kg6 41. Rf6+ 1-0


[Site "https://www.chess.com"]

[Event "Titled Tuesday Blitz March 07 Late 2023"]
[White "Shapiro, Viktor"]
[Black "Needleman, Alejandro"]
[WhiteFideId "4175700"]
[BlackFideId "100730"]
[WhiteElo "2152"]
[BlackElo "2230"]
[Result "0-1"]
[Round "05"]
[TimeControl "180+2"]
[Date "2023.03.07"]
[WhiteClock "0:00:12"]
[BlackClock "0:00:14"]

1. c4 e5 2. Nc3 Nf6 3. g3 d5 4. cxd5 Nxd5 5. Bg2 Nf6 6. Nf3 Nc6 7. O-O Bc5 8. d3 O-O 9. a3 Re8 10. b4 Bb6 11. Bb2 Nd4 12. e3 Nxf3+ 13. Bxf3 c6 14. Qc2 Bh3 15. Rfd1 g5 16. Na4 g4 17. Bh1 h5 18. d4 e4 19. Nc5 Qe7 20. a4 Rad8 21. a5 Bc7 22. a6 b6 23. Nb7 Rc8 24. Rac1 Bd6 25. b5 cxb5 26. Qxc8 Rxc8 27. Rxc8+ Kh7 28. d5 Be5 29. d6 Bxd6 30. Rxd6 Ng8 31. Rdd8 Qb4 32. Rd1 Qxb2 33. Bxe4+ Kg7 34. Nd6 Nf6 35. Nf5+ Kg6 36. Nh4+ Kg5 37. Bb7 Qe2 38. Rb1 b4 39. Rcc1 b3 40. Rxb3 Qd2 41. Rbb1 Kh6 42. Rd1 Qa2 43. Rbc1 Nh7 44. Rd6+ f6 45. Be4 Ng5 46. Bb7 Nf3+ 47. Nxf3 gxf3 48. Rxf6+ Kg7 49. Rxf3 Qd2 50. Rb1 Qd3 51. Rf1 Qxf1# 0-1


[Site "https://www.chess.com"]

[Event "Titled Tuesday Blitz March 07 Late 2023"]
[White "Paszewski, Mateusz"]
[Black "Delgado Rosas, Fatima Alexandra"]
[WhiteFideId "1141058"]
[BlackFideId "6603963"]
[WhiteElo "2223"]
[BlackElo "2323"]
[Result "1-0"]
[Round "05"]
[TimeControl "180+2"]
[Date "2023.03.07"]
[WhiteClock "0:00:35"]
[BlackClock "0:01:50"]

1. Nf3 Nf6 2. g3 e6 3. Bg2 d5 4. O-O Be7 5. c4 O-O 6. b3 c5 7. cxd5 exd5 8. d4 cxd4 9. Nxd4 Nc6 10. Bb2 Be6 11. Nc3 Rc8 12. Rc1 Qd7 13. Qd2 Rfd8 14. Rfd1 h6 15. Nxe6 fxe6 16. e3 Bb4 17. Qd3 Ne5 18. Qb1 Rc6 19. Nxd5 Rxc1 20. Qxc1 exd5 21. Bxe5 Qe6 22. Qb2 Be7 23. h3 Rd7 24. Bd4 b6 25. Rc1 Ne4 26. Bxg7 Bc5 27. Bd4 Rf7 28. Bxe4 dxe4 29. Bxc5 bxc5 30. Rxc5 Qxh3 31. Qc2 Qg4 32. Re5 Rd7 33. Qc8+ Kg7 34. Re7+ Kf6 35. Qxd7 1-0


[Site "https://www.chess.com"]

[Event "Titled Tuesday Blitz March 07 Late 2023"]
[White "Uzcategui Rodriguez, Alejandro"]
[Black "Grycel, Kamil"]
[WhiteFideId "3903400"]
[BlackFideId "1115499"]
[WhiteElo "2249"]
[BlackElo "2495"]
[Result "1-0"]
[Round "05"]
[TimeControl "180+2"]
[Date "2023.03.07"]
[WhiteClock "0:01:01"]
[BlackClock "0:00:55"]

1. e4 b6 2. d4 Bb7 3. Nc3 e6 4. Bd3 Nf6 5. Qe2 Bb4 6. Nf3 d5 7. e5 Ne4 8. Bd2 Nxd2 9. Nxd2 Bxc3 10. bxc3 c5 11. Qg4 g6 12. Nf3 c4 13. Be2 Qe7 14. h4 h5 15. Qf4 Nc6 16. Ng5 Rf8 17. Nh7 Qa3 18. Kd2 O-O-O 19. Nxf8 Rxf8 20. g4 hxg4 21. Bxg4 b5 22. h5 gxh5 23. Rxh5 b4 24. Qe3 Qb2 25. Rah1 Qxa2 26. Rh8 Rxh8 27. Rxh8+ Kc7 28. cxb4 Nxb4 29. Qc3 a5 30. Rh7 Qb1 31. Rxf7+ Kb6 32. Bd1 Na2 33. Qa3 c3+ 34. Ke1 Nb4 35. Qxc3 Nc6 36. Rf6 Qc1 37. Rxe6 Qf4 38. Qc5+ Ka6 39. Be2# 1-0


[Site "https://www.chess.com"]

[Event "Titled Tuesday Blitz March 07 Late 2023"]
[White "Romkachess"]
[Black "Pesotskiy, Mikhail"]
[BlackFideId "34164453"]
[WhiteElo "2493"]
[BlackElo "2131"]
[Result "1-0"]
[Round "05"]
[TimeControl "180+2"]
[Date "2023.03.07"]
[WhiteClock "0:00:12"]
[BlackClock "0:00:15"]

1. e4 e6 2. d4 d5 3. Nc3 Bb4 4. a3 Bxc3+ 5. bxc3 dxe4 6. Qg4 Nf6 7. Qxg7 Rg8 8. Qh6 Rg6 9. Qe3 Nbd7 10. g3 b6 11. Bg2 Bb7 12. Bd2 Qe7 13. Nh3 O-O-O 14. Nf4 Rgg8 15. O-O e5 16. Nh3 Ng4 17. Qe2 f5 18. f3 exf3 19. Bxf3 e4 20. Bg2 e3 21. Bxb7+ Kxb7 22. Qf3+ Kb8 23. Rae1 Rde8 24. Re2 Qxa3 25. Be1 Rgf8 26. Nf4 Ndf6 27. Qc6 Ne4 28. c4 Qd6 29. Qa4 Nd2 30. Bxd2 exd2 31. Rxd2 Re3 32. Ra1 a5 33. c5 Qc6 34. Qxc6 1-0


[Site "https://www.chess.com"]

[Event "Titled Tuesday Blitz March 07 Late 2023"]
[White "Eggleston, Thomas A"]
[Black "Estrada Nieto, Julian"]
[WhiteFideId "412139"]
[BlackFideId "5101018"]
[WhiteElo "2155"]
[BlackElo "2176"]
[Result "1-0"]
[Round "05"]
[TimeControl "180+2"]
[Date "2023.03.07"]
[WhiteClock "0:00:12"]
[BlackClock "0:00:04"]

1. e4 e5 2. f4 d5 3. exd5 exf4 4. Nf3 Nf6 5. c4 Bd6 6. d4 O-O 7. Be2 c5 8. dxc6 Nxc6 9. c5 Bc7 10. Nc3 Bg4 11. d5 Bxf3 12. Bxf3 Re8+ 13. Kf2 Ne5 14. d6 Bb8 15. Bxf4 Qa5 16. Qd4 Neg4+ 17. Kg3 Nh6 18. Bxh6 gxh6 19. Rhe1 Bxd6+ 20. cxd6 Qg5+ 21. Kf2 Red8 22. Nd5 Nxd5 23. Qxd5 Qf4 24. d7 Qc7 25. Rad1 Qb6+ 26. Kf1 Qxb2 27. Re4 Kh8 28. Red4 Rab8 29. Qxf7 Qb5+ 30. Kg1 Qg5 31. Rg4 Qe5 32. Re4 Qc5+ 33. Kh1 Qc3 34. Re8+ Rxe8 35. dxe8=Q+ Rxe8 36. Qxe8+ Kg7 37. Qd7+ Kf6 38. Qd6+ Kg5 39. Qd5+ Kf4 40. Qd4+ Qxd4 41. Rxd4+ Ke3 42. Rd7 b5 43. Rxa7 b4 44. Rb7 1-0


[Site "https://www.chess.com"]

[Event "Titled Tuesday Blitz March 07 Late 2023"]
[White "Leonte, Sebastian-Marian"]
[Black "Erzhanov, Arman"]
[WhiteFideId "1268767"]
[BlackFideId "4138821"]
[WhiteElo "2292"]
[BlackElo "2138"]
[Result "0-1"]
[Round "05"]
[TimeControl "180+2"]
[Date "2023.03.07"]
[WhiteClock "0:00:04"]
[BlackClock "0:00:28"]

1. e4 d6 2. d4 Nf6 3. Nc3 c6 4. a4 e5 5. Nf3 Nbd7 6. Be2 Be7 7. O-O O-O 8. h3 Re8 9. Be3 Bf8 10. dxe5 dxe5 11. Bc4 h6 12. Qe2 Qc7 13. Rfd1 Nc5 14. Nd2 Be6 15. b3 Rad8 16. Bxc5 Bxc5 17. Nf1 Bd4 18. Qf3 Bxc4 19. bxc4 Bxc3 20. Qxc3 Nxe4 21. Qe3 Nd6 22. Qxa7 Nxc4 23. Qc5 Nb6 24. a5 Nd7 25. Qb4 Ra8 26. Ne3 g6 27. Nc4 Nf6 28. Nd6 Re7 29. Rd2 Nd5 30. Qc5 b6 31. axb6 Rxa1+ 32. Kh2 Qxb6 33. Rxd5 Qxc5 34. Rxc5 Ra6 35. Nc4 f6 36. Na5 Rc7 37. Nb3 Kf7 0-1


[Site "https://www.chess.com"]

[Event "Titled Tuesday Blitz March 07 Late 2023"]
[White "Einarsson, Halldor Gretar"]
[Black "Kozin, Yuri"]
[WhiteFideId "2300150"]
[BlackFideId "4129920"]
[WhiteElo "2142"]
[BlackElo "2475"]
[Result "0-1"]
[Round "05"]
[TimeControl "180+2"]
[Date "2023.03.07"]
[WhiteClock "0:00:01"]
[BlackClock "0:00:02"]

1. d4 d5 2. Nf3 Nf6 3. g3 g6 4. Bg2 Bg7 5. O-O c6 6. c4 dxc4 7. Ne5 Ng4 8. f4 Nxe5 9. fxe5 O-O 10. Bf4 f6 11. exf6 Bxf6 12. Be3 Be6 13. Nc3 Na6 14. Qd2 Nb4 15. Ne4 Nd5 16. Bh6 Bg7 17. Bxg7 Kxg7 18. Nc5 Bg8 19. Nxb7 Qb6 20. Nc5 Rxf1+ 21. Rxf1 e5 22. Qg5 Qc7 23. Bxd5 Bxd5 24. Qf6+ Kg8 25. dxe5 Qb6 26. Qf2 Qxb2 27. e6 Qe5 28. Qf7+ Kh8 29. Qf6+ Qxf6 30. Rxf6 c3 31. e7 Kg7 32. Rf1 Re8 33. e4 Bxa2 34. Rc1 Rxe7 35. Rxc3 Re5 36. Kf2 Bf7 37. Ke3 Rh5 38. h4 Re5 39. Kd4 Re7 40. Rf3 a5 41. e5 h6 42. Ra3 Ra7 43. e6 Be8 44. Ke5 a4 45. Kd6 Ra8 46. Rxa4 Rxa4 47. Nxa4 Kf6 48. Nc5 g5 49. Ne4+ Kf5 50. hxg5 hxg5 51. Nc5 Bh5 52. Ke7 Kg4 53. Kf8 Kxg3 54. e7 Kf4 55. Ne6+ Kf5 56. Nd8 g4 0-1


[Site "https://www.chess.com"]

[Event "Titled Tuesday Blitz March 07 Late 2023"]
[White "Becerra, Juan David"]
[Black "Botez, Alexandra"]
[WhiteFideId "4404998"]
[BlackFideId "2603365"]
[WhiteElo "2282"]
[BlackElo "2059"]
[Result "0-1"]
[Round "05"]
[TimeControl "180+2"]
[Date "2023.03.07"]
[WhiteClock "0:00:20"]
[BlackClock "0:00:27"]

1. e4 e6 2. d4 d5 3. exd5 exd5 4. c4 Nf6 5. Nc3 Bd6 6. c5 Be7 7. Be3 O-O 8. h3 b6 9. b3 bxc5 10. Nf3 cxd4 11. Bxd4 c5 12. Be5 Nc6 13. Bf4 d4 14. Na4 Nd5 15. Bd2 Bf6 16. Rc1 Re8+ 17. Be2 d3 18. Be3 Nxe3 19. Qxd3 Nxg2+ 20. Kf1 Qxd3 21. Bxd3 Nf4 22. Bc4 Bxh3+ 23. Kg1 Ne5 24. Nxe5 Rxe5 25. Kh2 Rh5 26. Kg3 Be5 27. Rce1 Nd3+ 28. Rxe5 Nxe5 29. Rxh3 Rxh3+ 30. Kxh3 Nxc4 31. bxc4 Rd8 32. Nxc5 Rc8 0-1


[Site "https://www.chess.com"]

[Event "Titled Tuesday Blitz March 07 Late 2023"]
[White "Papayan, Oleg"]
[Black "Herbst, Richard"]
[WhiteFideId "4193911"]
[BlackFideId "2041251"]
[WhiteElo "2153"]
[BlackElo "2141"]
[Result "1-0"]
[Round "05"]
[TimeControl "180+2"]
[Date "2023.03.07"]
[WhiteClock "0:00:49"]
[BlackClock "0:02:09"]

1. e4 c5 2. Nf3 Nc6 3. Bb5 Qb6 4. Nc3 e6 5. O-O a6 6. Bxc6 Qxc6 7. d4 cxd4 8. Nxd4 Qc7 9. Re1 b5 10. Nd5 Qd6 11. Bf4 e5 12. Nf5 Qb8 13. Bg3 g6 14. Nfe3 Bg7 15. Qd3 Bb7 16. Nb6 Bc6 17. Nxa8 Qxa8 18. Nd5 Bxd5 19. exd5 d6 20. f4 f6 21. fxe5 fxe5 22. a4 b4 23. c3 Ne7 24. Rf1 Rf8 25. Rxf8+ Kxf8 26. cxb4 Qxd5 27. Qxd5 Nxd5 28. b5 axb5 29. a5 Bh6 30. a6 Be3+ 31. Bf2 Ba7 32. Bxa7 1-0


[Site "https://www.chess.com"]

[Event "Titled Tuesday Blitz March 07 Late 2023"]
[White "Good, Daniel"]
[Black "Cheng, Xiao"]
[WhiteFideId "1302388"]
[BlackFideId "2022915"]
[WhiteElo "2261"]
[BlackElo "2424"]
[Result "0-1"]
[Round "05"]
[TimeControl "180+2"]
[Date "2023.03.07"]
[WhiteClock "0:00:06"]
[BlackClock "0:01:08"]

1. e4 c5 2. Nf3 e6 3. d4 cxd4 4. Nxd4 Nf6 5. Nc3 Nc6 6. Be3 Bb4 7. Nxc6 bxc6 8. e5 Nd5 9. Qg4 g6 10. Bd2 Qa5 11. a3 Bxc3 12. bxc3 Qc7 13. Qd4 c5 14. Qe4 Bb7 15. Bd3 Nb4 16. Qf4 Nd5 17. Qg3 c4 18. Be4 h5 19. O-O h4 20. Qg5 Rh5 21. Qg4 h3 22. Bxd5 Bxd5 23. f3 hxg2 24. Kxg2 Qxe5 25. Bf4 Qxc3 26. Rab1 Ke7 27. Bg5+ f6 28. Be3 Qxe3 29. Qxg6 Rg5+ 30. Qxg5 0-1


[Site "https://www.chess.com"]

[Event "Titled Tuesday Blitz March 07 Late 2023"]
[White "Schut, Han"]
[Black "Kielinkei"]
[WhiteFideId "1005561"]
[WhiteElo "2024"]
[BlackElo "2405"]
[Result "0-1"]
[Round "05"]
[TimeControl "180+2"]
[Date "2023.03.07"]
[WhiteClock "0:00:07"]
[BlackClock "0:00:14"]

1. e4 c5 2. Nf3 e6 3. c4 Nc6 4. Nc3 Nf6 5. Be2 Be7 6. d4 cxd4 7. Nxd4 O-O 8. Be3 a6 9. f3 d5 10. cxd5 exd5 11. exd5 Nxd5 12. Nxd5 Qxd5 13. Nxc6 Qxc6 14. O-O Bf5 15. Rc1 Qe6 16. Bf2 Rfd8 17. Qe1 Bg5 18. Rd1 Rxd1 19. Bxd1 Qc6 20. Qc3 Qd7 21. Bc2 Rc8 22. Bxf5 Qxf5 23. Qb3 b5 24. Re1 h6 25. Qa3 Qf6 26. b4 Bf4 27. g3 Be5 28. f4 Bd4 29. Qf3 Bb6 30. Bxb6 Qxb6+ 31. Qf2 Qd6 32. Re2 Qxb4 33. Kg2 Qd6 34. h4 Rc1 35. Kh2 Qc6 36. Kh3 Rh1+ 37. Kg4 h5+ 38. Kxh5 Qg6# 0-1


[Site "https://www.chess.com"]

[Event "Titled Tuesday Blitz March 07 Late 2023"]
[White "Hajiyev, Kanan"]
[Black "olga-belka"]
[WhiteFideId "13404148"]
[WhiteElo "2103"]
[BlackElo "2225"]
[Result "1-0"]
[Round "05"]
[TimeControl "180+2"]
[Date "2023.03.07"]
[WhiteClock "0:00:37"]
[BlackClock "0:00:02"]

1. d4 Nf6 2. c4 g6 3. Nc3 d5 4. cxd5 Nxd5 5. e4 Nxc3 6. bxc3 Bg7 7. Bb5+ c6 8. Ba4 O-O 9. Nf3 c5 10. O-O b6 11. Be3 Qc7 12. Rc1 Bb7 13. d5 Nd7 14. c4 Ne5 15. Nd2 Nd3 16. Rb1 f5 17. exf5 gxf5 18. Bc2 Nb4 19. Nf3 Nxc2 20. Qxc2 h6 21. Rfe1 Bc8 22. Bd2 f4 23. Rb3 Bf5 24. Qc1 Bh7 25. Bc3 Rf7 26. Bxg7 Rxg7 27. Ne5 Rf8 28. Rh3 Rf5 29. Nc6 e5 30. Rxh6 Rfg5 31. g3 fxg3 32. fxg3 e4 33. Re3 Qf4 34. Qe1 Rg4 35. Re6 Qg5 36. Ne5 Bf5 37. Re8+ Kh7 38. Nxg4 Qxg4 39. Qe2 Qg5 40. R8xe4 Bxe4 41. Rxe4 Qf6 42. Kg2 Rf7 43. Rf4 1-0


[Site "https://www.chess.com"]

[Event "Titled Tuesday Blitz March 07 Late 2023"]
[White "Hartikainen, Jarmo"]
[Black "Meunier-Pion, Jean"]
[WhiteFideId "503134"]
[BlackFideId "20685327"]
[WhiteElo "2200"]
[BlackElo "2124"]
[Result "0-1"]
[Round "05"]
[TimeControl "180+2"]
[Date "2023.03.07"]
[WhiteClock "0:00:01"]
[BlackClock "0:00:48"]

1. e4 c5 2. c3 Nf6 3. e5 Nd5 4. d4 cxd4 5. Nf3 d6 6. cxd4 Nc6 7. Nc3 dxe5 8. dxe5 Nxc3 9. Qxd8+ Kxd8 10. bxc3 Bg4 11. Bf4 Bxf3 12. gxf3 e6 13. Bb5 Kc7 14. Bxc6 Kxc6 15. Be3 Be7 16. Ke2 Rhd8 17. Rhd1 b6 18. f4 Rxd1 19. Rxd1 Rd8 20. Rxd8 Bxd8 21. c4 Be7 22. Kd3 f5 23. h3 Bc5 24. Bd4 Bb4 25. a4 Be1 26. f3 Bb4 27. Be3 Be1 28. Bd4 Bh4 29. Be3 Bg3 30. Kc3 Be1+ 31. Kd4 Bb4 32. Kd3 Kb7 33. Kc2 Ka6 34. Kb3 Ka5 35. Bc1 Bc5 36. Bd2+ Ka6 37. Bc1 Kb7 38. Bd2 Kc6 39. Kc3 Kd7 40. Kd3 Ke7 41. a5 Kd7 0-1


[Site "https://www.chess.com"]

[Event "Titled Tuesday Blitz March 07 Late 2023"]
[White "Antonova, Nadezhda"]
[Black "Davidson, Kevin"]
[WhiteFideId "14700182"]
[BlackFideId "2056810"]
[WhiteElo "1885"]
[BlackElo "2151"]
[Result "1-0"]
[Round "05"]
[TimeControl "180+2"]
[Date "2023.03.07"]
[WhiteClock "0:01:00"]
[BlackClock "0:00:28"]

1. Nf3 Nf6 2. b3 g6 3. Bb2 Bg7 4. g3 d6 5. d4 O-O 6. Bg2 e5 7. dxe5 Ng4 8. O-O Nc6 9. c4 Ngxe5 10. Qd2 Bf5 11. Nc3 Re8 12. Rfd1 a5 13. Rac1 Qc8 14. Nd5 a4 15. b4 a3 16. Ba1 Nxf3+ 17. exf3 Qd8 18. f4 Be4 19. Bxg7 Kxg7 20. b5 Bxg2 21. Kxg2 Na5 22. Qd4+ f6 23. Re1 Rf8 24. Re7+ Rf7 25. Qxf6+ 1-0


[Site "https://www.chess.com"]